 Dungeon Crawl Stone Soup version 0.23.2-33-g5129a83184 (webtiles) character file.

Game seed: 7606148143847952433

60 Folque the Charmwright (level 3, 0/29 HPs)
             Began as a Centaur Skald on July 8, 2019.
             Slain by a leopard gecko (2 damage)
             ... on level 3 of the Dungeon.
             The game lasted 00:04:04 (2081 turns).

Folque the Charmwright (Centaur Skald)              Turns: 2081, Time: 00:04:10

Health: 0/29       AC:  4    Str: 13    XL:     3   Next: 80%
Magic:  3/6        EV:  9    Int: 13    God:
Gold:   92         SH:  0    Dex:  8    Spells: 0/6 levels left

rFire    . . .     SeeInvis .   a - +0 falchion
rCold    . . .     Gourm    .   (no shield)
rNeg     . . .     Faith    .   b - +0 leather armour
rPois    .         Spirit   .   (no helmet)
rElec    .         Reflect  .   (no cloak)
rCorr    .         Harm     .   (no gloves)
MR       .....                  (no barding)
Stlth    ..........             (no amulet)
HPRegen  0.09/turn              (no ring)
MPRegen  0.10/turn              (no ring)

@: shrouded, infused, very slightly contaminated, very quick
A: large, hooves 3, deformed body, speed 2, tough skin 3
a: no special abilities


You were on level 3 of the Dungeon.
You were hungry.

You visited 1 branch of the dungeon, and saw 3 of its levels.

You collected 92 gold pieces.

Inventory:

Hand Weapons
 a - a +0 falchion (weapon)
Armour
 b - a +0 leather armour (worn)
Scrolls
 c - a scroll of remove curse {unknown}
 e - a scroll of enchant armour {unknown}
 g - a scroll of immolation {unknown}
 h - a scroll of magic mapping {unknown}
 i - 4 scrolls of identify {unknown}
 j - a scroll of fog {unknown}
 l - a scroll of teleportation {unknown}
Comestibles
 d - 5 rations


   Skills:
 - Level 2.0 Fighting
 * Level 2.7 Long Blades
 - Level 0.6 Armour
 - Level 1.3 Dodging
 + Level 2.0 Spellcasting
 + Level 3.4 Charms


You couldn't memorise any spells.
You knew the following spells:

 Your Spells              Type           Power        Failure   Level  Hunger
a - Infusion              Chrm           ##..         8%          1    ##.....
b - Shroud of Golubria    Chrm/Tloc      #.........   24%         2    ###....
c - Spectral Weapon       Hex/Chrm       #.......     43%         3    ####...

Your spell library contained the following spells:

 Spells                   Type           Power        Failure   Level  Hunger
 Song of Slaying          Chrm           ##......     12%         2    ###....
 Corona                   Hex            #......      32%         1    ##.....
 Ensorcelled Hibernation  Hex/Ice        #.....       43%         2    ###....
 Regeneration             Chrm/Necr      #.........   43%         3    ####...
 Confuse                  Hex            #.......     67%         3    ####...
 Dazzling Spray           Conj/Hex       #.....       67%         3    ####...
 Tukima's Dance           Hex            #.......     67%         3    ####...


Dungeon Overview and Level Annotations

Branches:
Dungeon (3/15)

Altars:
Hepliaklqana


Innate Abilities, Weirdness & Mutations

You have hooves in place of feet.
Armour fits poorly on your strangely shaped body.
You cover ground very quickly.
You have extremely tough skin. (AC +3)


Message History

* * * LOW HITPOINT WARNING * * *
The quokka bites you.
* * * LOW HITPOINT WARNING * * *
It was a potion of magic.
Magic courses through your body. The leopard gecko bites you.
* * * LOW HITPOINT WARNING * * *
The quokka barely misses you.
The leopard gecko bites you but does no damage.
Casting: Infusion (safe; 8% risk of failure)
Confirm with . or Enter, or press ? or * to list all spells.
You miscast Shroud of Golubria.
The air around you crackles with energy!
The quokka barely misses you. The leopard gecko misses you.
Casting: Shroud of Golubria (safe; 24% risk of failure)
Confirm with . or Enter, or press ? or * to list all spells.
Space distorts slightly along a thin shroud covering your body.
The quokka bites you.
* * * LOW HITPOINT WARNING * * *
The leopard gecko bites you.
You die...

#........#
#........#
#........#####
....$=.......
......:...#
.......<..#
.........l#
.#.#..#.#r#
#....#@#
##.###l# ...
#g# ### #.#
#.. ... ###


You could see 2 leopard geckos, a quokka and a hobgoblin.

Vanquished Creatures
  An adder (D:2)
  3 dart slugs
  2 leopard geckos
  2 giant cockroaches (D:2)
  5 goblins
  4 hobgoblins
  3 jackals (D:1)
  6 kobolds
  7 bats
  3 frilled lizards (D:2)
  5 rats
41 creatures vanquished.

Vanquished Creatures (others)
  A goblin (D:1)
1 creature vanquished.

Grand Total: 42 creatures vanquished

Notes
Turn   | Place    | Note
-------+----------+-------------------------------------------
     0 | D:1      | Folque the Centaur Skald began the quest for the Orb.
     0 | D:1      | Reached XP level 1. HP: 17/17 MP: 3/3
   127 | D:1      | Reached XP level 2. HP: 18/24 MP: 4/4
   131 | D:1      | Reached skill level 3 in Charms
   383 | D:1      | Learned a level 2 spell: Shroud of Golubria
   867 | D:1      | Reached XP level 3. HP: 28/29 MP: 5/5
  1265 | D:2      | Found a hazy altar of Hepliaklqana.
  1644 | D:2      | Learned a level 3 spell: Spectral Weapon
  2081 | D:3      | Slain by a leopard gecko

Skill      XL: |  1  2  3 |
---------------+----------+-----
Long Blades    | 2 |  2.7
Charms         | 3 |  3.4
Spellcasting   | 2 |  2.0
Fighting       | |  2.0
Armour         | |  0.6
Dodging        | |  1.3

Action                   || total
-------------------------++-------
Melee: Falchion          ||   118
       Kick              ||    20
 Cast: Infusion          ||     3
       Shroud of Golubri ||     2
  Use: Potion            ||     1
  Eat: Chunk             ||     2
Armor: Leather armour    ||    65
Dodge: Dodged            ||    72
       Rpst.: Falchion   ||    17
